 Dungeon Crawl Stone Soup version 0.31-a0-365-gcf821cafb2 (webtiles) character file.

Game seed: 10881513142984192893

1238 spiderkeys the Poker (level 8, -3/56 HPs)
             Began as an Octopode Wanderer on July 27, 2023.
             Splashed by a jelly's acid (9 damage)
             ... on level 6 of the Dungeon.
             The game lasted 00:08:48 (5699 turns).

spiderkeys the Poker (Octopode Wanderer)            Turns: 5699, Time: 00:08:49

Health: -3/56      AC:  0    Str: 14    XL:     8   Next: 49%
Magic:  2/8        EV: 16    Int: 14    God:
Gold:   220        SH:  0    Dex: 11    Spells: 7/7 levels left

rFire   . . .        x - melded +2 spear (antimagic)
rCold   . . .        (shield currently unavailable)
rNeg    . . .        c - melded +0 hat
rPois   .            o - amulet of Haffecag {Faith SInv}
rElec   .            Z - melded ring of wizardry
rCorr   .            (ring currently unavailable)
SInv    +            (ring currently unavailable)
Will    +....        (ring currently unavailable)
Stlth   +++          (ring currently unavailable)
HPRegen 0.29/turn    (ring currently unavailable)
MPRegen 0.11/turn    (ring currently unavailable)
                     (ring currently unavailable)

%: faith
@: pig-form, enlightened, flying, studying Shields, very quick
A: fast, no casting, almost no armour, (amphibious), (8 rings), small,
(camouflage 1), (gelatinous body 1), (nimble swimmer 1), (tentacles)
a: no special abilities


You were on level 6 of the Dungeon.
You were a filthy swine.
You visited 1 branch of the dungeon, and saw 6 of its levels.

You collected 220 gold pieces.


Innate Abilities, Weirdness & Mutations

You are a filthy swine.
You move quickly.
Your equipment is almost entirely melded.
You are incapable of wielding weapons or throwing items.
You cannot cast spells.
You cannot wear most types of armour.
((You are amphibious.))
((You can wear up to eight rings at the same time.))
((Your skin changes colour to match your surroundings (Stealth+).))
((Your rubbery body absorbs attacks. (AC +1, EV +1)))
((You are camouflaged when in or above water. (Stealth+)))
((You have tentacles for arms and can constrict up to eight enemies at once.))


   Skills:
 + Level 5.6 Fighting
 + Level 7.0 Polearms
 + Level 5.7 Dodging
 - Level 5.3 Stealth
 - Level 1.1 Evocations


You had 7 spell levels left.
You didn't know any spells.
Your spell library contained the following spells:

 Spells                   Type           Power      Damage    Failure   Level
 Apportation              Tloc           0%         N/A       28%         1
 Ignite Poison            Fire/Tmut/Pois 0%         N/A       65%         3
 Sticky Flame             Conj/Fire      0%         2d3       96%         4
 Alistair's Intoxication  Tmut/Pois      0%         N/A       100%        5
 Ignition                 Fire           0%         3d3       100%        8

Inventory:

Hand Weapons
 a - a +2 spear
 x - a +2 antimagic spear (melded)
   (You took it off a gnoll on level 6 of the Dungeon)
Missiles
 e - 79 stones
 q - 2 boomerangs
 s - 9 atropa-tipped darts
Armour
 c - a +0 hat (melded)
 j - an orb of light
   (You found it on level 2 of the Dungeon)
Jewellery
 o - the amulet of Haffecag (around neck) {Faith SInv}
   (You found it on level 2 of the Dungeon)

   [amulet of faith]

   It allows you to gain divine favour quickly.
   SInv:      It lets you see invisible.
 Z - a ring of wizardry (melded)
   (You found it on level 1 of the Dungeon)
Talismans
 p - a talisman of death
   (You found it on level 2 of the Dungeon)
Scrolls
 b - a scroll of brand weapon {unknown}
 f - a scroll of fog
 g - a scroll of fear
 h - a scroll of summoning
 i - a scroll of silence {!r}
 k - 3 scrolls of teleportation {@r4}
 l - a scroll of immolation {!r!r}
 n - a scroll of enchant weapon
 r - a scroll of vulnerability {!r!r}
 t - 3 scrolls of identify {@r1}
 u - a scroll of torment {unknown}
Potions
 d - 2 potions of berserk rage {!q}
 m - a potion of haste {unknown}
 w - a potion of brilliance {unknown}

Dungeon Overview and Level Annotations

Branches:
Dungeon (6/15) Zot: 25493
 Temple: D:4-7

Altars:
Dithmenos
Makhleb
Qazlal

Shops:
D:3 ?   D:5 ?

Annotations:
D:2 Sigmund
D:6 Grinder

##########.#
##.........#
##.######..# #########
##.# #.....# #.......#
##.###.....# #.......#
.....#.....# #..$....#
.....#.....####.......#
.....#................#
................h5....#
.....##########..J)..?#
###### #.......#
+.......# #..$....#
#.......# ##.###### #.#


You could see Grinder and a jelly.


Message History

You hit the black bear.
You tentacle-slap the black bear, but do no damage.
You squeeze the black bear! You constrict the black bear.
The black bear closely misses you. The black bear misses you.
The black bear barely misses you.
You hit the black bear. You constrict the black bear.
You kill the black bear!
Your Polearms skill increases to level 7!
No target in view!
No target in view!
You see here a +0 scale mail.
Key pressed, stopping explore.
You see here a +0 scale mail.
Key pressed, stopping explore.
Found a stone staircase leading down.
Grinder comes into view.
She is carrying a wand of polymorph.
Things that are here:
a +0 spear; a gnoll skeleton
Okay, then.
You feel magic leave you.
x - a +2 antimagic spear (weapon)
😎 MP[-6] Unknown command.
Key pressed, stopping explore.
A jelly comes into view.
Grinder shouts!
Grinder blinks!
The jelly quivers.
Grinder gestures at you. Pain shoots through your body! 😕 HP[-7]
You take 7 damage, and now have 49/56 hp.
You reach to attack!
You hit Grinder.
Grinder's magic leaks into the air.
Grinder's magic is no longer disrupted.
Grinder zaps a wand.
You resist with some effort. 😕 HP[+1] Reach: x) +2 spear (antimagic)
Press: ? - help, Dir - move target, f/p - Grinder
Aim: Grinder, carrying a wand of polymorph (lightly wounded, about 37% to evade your +2 antimagic spear)
You reach to attack!
You hit Grinder.
Grinder's magic leaks into the air.
The jelly hits you.
You are splashed with acid!
Grinder gestures at you. You resist with some effort. 😮 HP[-8]
You take 8 damage, and now have 42/56 hp.
Unknown command.
Reach: x) +2 spear (antimagic)
Press: ? - help, Dir - move target, f/p - Grinder
Aim: Grinder, carrying a wand of polymorph (lightly wounded, magic disrupted, about 37% to evade your +2 antimagic spear)
You reach to attack!
You hit Grinder.
Grinder's magic leaks into the air.
Unknown command.
You barely miss the jelly. Grinder gestures at you.
You struggle to resist.
The jelly closely misses you.
You hit the jelly.
Your tentacles burn!
You squeeze the jelly! Grinder says, "Are you a fish?"
The jelly completely misses you. 😮 HP[-1]
You take 1 damage, and now have 41/56 hp.
You hit the jelly.
Your tentacles burn!
Grinder zaps a wand.
You turn into a filthy swine.
Your +2 antimagic spear melds into your body.
Your +0 hat melds into your body.
Your ring of wizardry melds into your body.
You feel magic returning to you. The jelly barely misses you. 😮 HP[-2]
You take 2 damage, and now have 39/56 hp.
You barely miss the jelly.
Unknown command.
You hit the jelly.
Your front trotters burn!
Grinder's magic is no longer disrupted.
Grinder completely misses you. The jelly closely misses you. 😮 HP[-4]
You take 4 damage, and now have 35/56 hp.
You hit the jelly but do no damage.
Your front trotters burn!
The jelly completely misses you. Grinder hits you!
* * * LOW HITPOINT WARNING * * *
You writhe in agony.
* * * LOW HITPOINT WARNING * * *
😨 HP[-14]
You take 14 damage, and now have 21/56 hp.
MASSIVE DAMAGE!! (PAUSE)
The jelly hits you.
* * * LOW HITPOINT WARNING * * *
You are splashed with acid!
* * * LOW HITPOINT WARNING * * *
There is a stone staircase leading down, spattered with blood here. 😱 HP[-14]
You take 14 damage, and now have 7/56 hp.
MASSIVE DAMAGE!! (PAUSE) It was a potion of enlightenment.
You feel very buoyant.
You fly up into the air.
Grinder gestures at you. You resist with almost no effort. The jelly hits you.
* * * LOW HITPOINT WARNING * * *
You are splashed with acid!
You die...

Skill      XL: |  1  2  3  4  5  6  7  8 |
---------------+-------------------------+-----
Fighting       | 1 2 3 4 5 |  5.6
Dodging        | 2 3 4 5 |  5.7
Polearms       | 5 6 7 |  7.0
Stealth        | |  5.3
Evocations     | |  1.1

Action                     |  1- 3 |  4- 6 |  7- 9 || total
---------------------------+-------+-------+-------++-------
  Melee: Spear             |    55 |   149 |   125 ||   329
         Constrict         |     7 |    26 |    23 ||    56
         Tentacles         |     5 |    36 |    34 ||    75
         Punch             |       |     1 |     4 ||     5
         Unarmed           |       |       |     3 ||     3
  Throw: Boomerang         |       |       |     1 ||     1
    Use: Scroll            |       |     8 |       ||     8
         Potion            |       |       |     2 ||     2
   Stab: Sleeping          |    16 |    20 |     2 ||    38
         Distracted        |       |     1 |       ||     1
 Armour: Skin              |       |     4 |     2 ||     6
  Dodge: Dodged            |    12 |    38 |    80 ||   130

Levels and vault maps discovered:
D:1:      evilmike_arrival_hilbert_curve, layout_rooms
D:2:      layout_rooms, grunt_decor_arrowhead, minmay_tripent, uniq_jessica,
          uniq_sigmund
D:3:      layout_loops_ring, serial_glass, glass_columns_a, glass_columns_a,
          serial_shops, shop, minmay_misc_feat_roman, minivault_27
D:4:      layout_rooms, nicolae_overflow_hidden_temple
D:5:      layout_basic, serial_shops, nicolae_shop_rolled_up, uniq_duvessa
D:6:      layout_basic, minmay_temple_entry_enclosed_plants,
          due_unseen_surprise, uniq_grinder

Notes
Turn   | Place    | Note
-------+----------+-------------------------------------------
     0 | D:1      | spiderkeys the Octopode Wanderer began the quest for the
                  | Orb.
     0 | D:1      | spiderkeys set off with the following items: a +2 spear, a
                  | potion of curing {@q1}, a +0 hat, a potion of berserk rage
                  | {!q}.
     0 | D:1      | Reached XP level 1. HP: 11/11 MP: 1/1
     0 | D:1      | magus.rc [v1.11.6]
   119 | D:1      | Reached XP level 2. HP: 18/18 MP: 2/2
   205 | D:1      | Reached skill level 1 in Fighting
   529 | D:2      | Reached XP level 3. HP: 23/23 MP: 3/3
   621 | D:1      | HP: 4/23 [gnoll/+0 club[a gnoll bouda] (4)]
   623 | D:1      | Reached skill level 2 in Dodging
   832 | D:2      | Reached XP level 4. HP: 20/29 MP: 4/4
   881 | D:2      | Noticed Jessica
   898 | D:2      | Killed Jessica
   899 | D:2      | Reached skill level 2 in Fighting
  1068 | D:2      | Reached XP level 5. HP: 16/35 MP: 5/5
  1193 | D:2      | Identified the amulet of Haffecag {Faith SInv}
  1293 | D:2      | Noticed Sigmund
  1635 | D:3      | You add the spells Apportation and Alistair's Intoxication
                  | to your library.
  1704 | D:3      | Reached skill level 3 in Dodging
  1783 | D:3      | Found Moco's Magic Scroll Shoppe.
  1792 | D:3      | magus.rc [v1.11.6]
  1859 | D:3      | Reached skill level 5 in Polearms
  2502 | D:4      | Found a burning altar of Makhleb.
  2517 | D:4      | Reached skill level 3 in Fighting
  2517 | D:4      | Reached XP level 6. HP: 25/42 MP: 6/6
  2611 | D:4      | Found a stormy altar of Qazlal.
  2629 | D:4      | You add the spells Ignite Poison, Sticky Flame and Ignition
                  | to your library.
  2662 | D:4      | Found a shadowy altar of Dithmenos.
  2928 | D:5      | Entered Level 5 of the Dungeon
  3322 | D:5      | Reached skill level 4 in Dodging
  3322 | D:5      | Reached XP level 7. HP: 47/47 MP: 7/7
  3352 | D:5      | Reached skill level 4 in Fighting
  3462 | D:5      | Noticed Duvessa
  3463 | D:5      | Noticed Dowan
  3473 | D:5      | Killed Duvessa
  3474 | D:5      | Reached skill level 6 in Polearms
  3478 | D:5      | Killed Dowan
  3790 | D:5      | Reached skill level 5 in Dodging
  3790 | D:5      | Reached XP level 8. HP: 52/54 MP: 8/8
  3984 | D:5      | Reached skill level 5 in Fighting
  4057 | D:5      | Found Qisid's Magic Scroll Shop.
  5563 | D:6      | Reached skill level 7 in Polearms
  5634 | D:6      | Noticed Grinder
  5698 | D:6      | HP: 7/56 [acid (12)]
  5699 | D:6      | Splashed by a jelly's acid

Vanquished Creatures
  Duvessa (D:5)
  A black bear (D:6)
  A phantom (D:5)
  4 scorpions (D:5)
  A gnoll sergeant (D:5)
  Dowan (D:5)
  2 orc priests (D:5)
  A gnoll bouda (D:2)
  3 hounds
  2 jellies (D:4)
  A sleepcap (D:5)
  Jessica (D:2)
  2 orc wizards
  An iguana (D:5)
  13 gnolls
  4 adders
  A white imp (D:5)
  3 worms
  2 dart slugs (D:3)
  11 orcs
  2 endoplasms
  A giant cockroach (D:2)
  7 goblins
  5 hobgoblins
  3 jackals (D:3)
  9 kobolds
  4 quokkas
  6 ball pythons
  8 bats
  6 frilled lizards
  4 rats
111 creatures vanquished.

Table legend:
 A = Non-vault XP
 B = Vault XP
 C = Vault XP percentage of total XP
 D = Non-vault monster count
 E = Vault monster count
 F = Vault count percentage of total count
                 A         B        C        D         E       F
            +---------+---------+-------+---------+---------+-------
      Total |    1518 |     251 |  14.2 |     106 |       5 |   4.5
            +---------+---------+-------+---------+---------+-------
        D:1 |      55 |       0 |   0.0 |      21 |       0 |   0.0
        D:2 |     112 |      40 |  26.3 |      25 |       3 |  10.7
        D:3 |      70 |       0 |   0.0 |      19 |       0 |   0.0
        D:4 |     167 |       0 |   0.0 |      10 |       0 |   0.0
        D:5 |     851 |     211 |  19.9 |      22 |       2 |   8.3
        D:6 |     263 |       0 |   0.0 |       9 |       0 |   0.0
            +---------+---------+-------+---------+---------+-------

Skill      XL: |  1  2  3  4  5  6  7  8 |
---------------+-------------------------+-----
Fighting       | 1 2 3 4 5 |  5.6
Dodging        | 2 3 4 5 |  5.7
Polearms       | 5 6 7 |  7.0
Stealth        | |  5.3
Evocations     | |  1.1

Action                     |  1- 3 |  4- 6 |  7- 9 || total
---------------------------+-------+-------+-------++-------
  Melee: Spear             |    55 |   149 |   125 ||   329
         Constrict         |     7 |    26 |    23 ||    56
         Tentacles         |     5 |    36 |    34 ||    75
         Punch             |       |     1 |     4 ||     5
         Unarmed           |       |       |     3 ||     3
  Throw: Boomerang         |       |       |     1 ||     1
    Use: Scroll            |       |     8 |       ||     8
         Potion            |       |       |     2 ||     2
   Stab: Sleeping          |    16 |    20 |     2 ||    38
         Distracted        |       |     1 |       ||     1
 Armour: Skin              |       |     4 |     2 ||     6
  Dodge: Dodged            |    12 |    38 |    80 ||   130

Illustrated notes

Table legend:
 A = Kills in this place as a percentage of kills in the entire game.
 B = Kills by you in this place as a percentage of kills by you in the entire game.
 C = Kills by friends in this place as a percentage of kills by friends in the entire game.
 D = Other kills in this place as a percentage of other kills in the entire game.
 E = Experience gained in this place as a percentage of experience gained in the entire game.
 F = Experience gained in this place divided by the number of levels of this place that you have seen.
                   A       B       C       D       E      F
               +-------+-------+-------+-------+-------+----------------------
         Total | 100.0 | 100.0 |   N/A |   N/A | 100.0 | 294.8
       Dungeon | 100.0 | 100.0 |   N/A |   N/A | 100.0 | 294.8
               +-------+-------+-------+-------+-------+----------------------

Table legend: (Time is in decaauts)
 A = Elapsed time spent in this place.
 B = Non-inter-level travel time spent in this place.
 C = Inter-level travel time spent in this place.
 D = Time resting spent in this place.
 E = Time spent auto-exploring this place.
 F = Levels seen in this place.
 G = Mean time per level.
                   A        B        C        D        E       F      G
               +--------+--------+--------+--------+--------+-----+--------+
         Total |   5655 |   5463 |    192 |   1066 |   3438 |   6 |  942.5 |
       Dungeon |   5655 |   5463 |    192 |   1066 |   3438 |   6 |  942.5 |
               +--------+--------+--------+--------+--------+-----+--------+

Top non-repeatable levels by time:
     D:5: 2138 daAuts
     D:2: 814 daAuts
     D:3: 791 daAuts
     D:1: 770 daAuts
     D:6: 609 daAuts
     D:4: 532 daAuts
